 Dungeon Crawl Stone Soup version 0.23-a0-296-ga3b1b28 (webtiles) character file.

90 namelastname112 the Gusty (level 4, 0/35 HPs)
             Began as a Draconian Air Elementalist on Oct 5, 2018.
             Slain by an adder (3 damage)
             ... on level 2 of the Dungeon.
             The game lasted 00:04:16 (1853 turns).

namelastname112 the Gusty (DrAE)                    Turns: 1853, Time: 00:04:17

Health: 0/35       AC:  5    Str: 11    XL:     4   Next: 32%
Magic:  5/8        EV: 12    Int: 16    God:
Gold:   72         SH:  0    Dex: 11    Spells: 4/8 levels left

rFire    . . .     SeeInvis .   a - +0 short sword
rCold    . . .     Gourm    .   (no shield)
rNeg     . . .     Faith    .   (armour unavailable)
rPois    .         Spirit   .   (helmet restricted)
rElec    .         Reflect  .   (no cloak)
rCorr    .         Harm     .   (no gloves)
MR       +....                  (no boots)
Stlth    ++........             (no amulet)
HPRegen  0.11/turn              e - ring of protection from magic
MPRegen  0.11/turn              (no ring)

@: lethally poisoned (0 -> -3), drained
A: unfitting armour, cold-blooded, AC +5
a: no special abilities


You were on level 2 of the Dungeon.
You were not hungry.

You visited 1 branch of the dungeon, and saw 3 of its levels.

You collected 72 gold pieces.

Inventory:

Hand Weapons
 a - a +0 short sword (weapon)
Missiles
 g - 2 throwing nets (quivered)
Jewellery
 e - a ring of protection from magic (left hand)
Potions
 d - a potion of curing
Comestibles
 b - 3 rations


   Skills:
 + Level 1.0(0.7) Fighting
 + Level 2.2(1.9) Dodging
 - Level 1.8(1.5) Stealth
 * Level 2.7(2.4) Spellcasting
 * Level 2.2(1.9) Conjurations
 * Level 3.5(3.2) Air Magic


You had 4 spell levels left.
You knew the following spells:

 Your Spells              Type           Power        Failure   Level  Hunger
x - Static Discharge      Conj/Air       ##......     21%         3    ###....
z - Shock                 Conj/Air       ##..         7%          1    #......

Your spell library contained the following spells:

 Spells                   Type           Power        Failure   Level  Hunger
 Swiftness                Chrm/Air       #.......     16%         2    ###....
 Airstrike                Air            ##........   45%         4    #####..
 Lightning Bolt           Conj/Air       ##........   88%         5    ######.


Dungeon Overview and Level Annotations

Branches:
Dungeon (3/15)

Altars:
Yredelemnul

Annotations:
D:3 Grinder, Natasha


Innate Abilities, Weirdness & Mutations

Your plain brown scales are hard. (AC +5)
You cannot fit into any form of body armour.
You are cold-blooded and may be slowed by cold attacks.


Message History

* * * LOW HITPOINT WARNING * * *
The adder misses you.
There is an escape hatch in the ceiling here.
You take 2 damage, and have 7/35 hp.
The adder bites you.
* * * LOW HITPOINT WARNING * * *
The frilled lizard barely misses you. A mysterious force pulls you upwards.
The hatch slams shut behind you.
You take 4 damage, and have 3/35 hp.
You feel better. The adder bites you but does no damage.
The frilled lizard bites you.
* * * LOW HITPOINT WARNING * * *
You regained 6 hp, and now have 9/35 hp.
The adder bites you.
* * * LOW HITPOINT WARNING * * *
You are poisoned.
The adder poisons you! The frilled lizard bites you.
* * * LOW HITPOINT WARNING * * *
The adder bites you.
You die...

#...........#....†# ##.
#.#########.#.#.#.#####.....
######.# #..............#.†
....(#.# ###.#.#.#.#.###.#.#.
####.#.#######.........#..# #.
#....##..>..#.###.###..# #.
#......≈..≈...# #......# #.
#≈.≈≈≈..≈≈≈..l# #.#.##.######.
#≈.≈≈≈≈≈≈≈≈≈z@###....#.†......
#.≈≈≈≈≈≈≈≈≈≈≈S..............<.
#..≈≈≈≈≈≈≈≈≈...###...####..###
#≈≈≈≈≈♣≈≈≈≈≈..## ##........# #
#≈≈≈≈≈._≈≈≈≈.≈# #######..###
#.≈≈≈≈≈.≈≈≈≈..# #.....
#≈.≈≈≈≈≈≈≈≈≈≈.# #.##.#
#.≈≈≈≈≈≈≈≈≈≈..# #.....
#.≈≈≈≈≈≈≈≈≈≈≈≈# ######


You could see a wight, an adder (inner flame) and a frilled lizard (inner
flame).

Vanquished Creatures
  Robin (D:2)
  A gnoll (D:1)
  2 adders
  A dart slug (D:1)
  4 bats
  4 giant cockroaches
  13 goblins
  6 hobgoblins
  4 kobolds
  2 quokkas (D:2)
  A ball python (D:1)
  2 frilled lizards
  3 rats (D:2)
44 creatures vanquished.

Notes
Turn   | Place    | Note
-------+----------+-------------------------------------------
     0 | D:1      | namelastname112 the Draconian Air Elementalist began the
                  | quest for the Orb.
     0 | D:1      | Reached XP level 1. HP: 14/14 MP: 3/3
   354 | D:1      | Reached XP level 2. HP: 17/20 MP: 0/5
   613 | D:1      | HP: 1/20 [gnoll/halberd (12)]
  1140 | D:1      | Reached XP level 3. HP: 25/27 MP: 0/6
  1346 | D:2      | Found a faded altar of an unknown god.
  1378 | D:2      | Became a worshipper of Yredelemnul the Dark
  1378 | D:2      | Reached * piety under Yredelemnul
  1379 | D:2      | Fell from the grace of Yredelemnul
  1403 | D:2      | Reached skill level 1 in Fighting
  1437 | D:2      | Learned a level 3 spell: Static Discharge
  1567 | D:2      | Noticed Robin
  1574 | D:2      | Reached XP level 4. HP: 33/35 MP: 0/7
  1599 | D:2      | Killed Robin
  1838 | D:3      | Noticed Natasha
  1844 | D:3      | Noticed Grinder
  1853 | D:2      | Slain by an adder

Vault maps used:
D:1:      dpeg_arrival_concentric_ovals
D:2:      chequers_ecumenical_altar_island, minivault_26, item_on_display_b,
          uniq_robin
D:3:      uniq_crazy_yiuf_cottage, uniq_sigmund, uniq_grinder, uniq_natasha

Skill      XL: |  1  2  3 |
---------------+----------+-----
Dodging        | 2 |  2.2
Fighting       | 1 |  1.0
Conjurations   | 2 |  2.2
Stealth        | |  1.8
Spellcasting   | |  2.7
Air Magic      | |  3.5

Action                   |  1- 3 |  4- 6 || total
-------------------------+-------+-------++-------
Melee: Unarmed           |    36 |       ||    36
       Short sword       |    21 |     4 ||    25
       Tailslap          |     4 |     1 ||     5
 Cast: Shock             |    69 |    13 ||    82
       Static Discharge  |       |     1 ||     1
Invok: Renounce Religion |     1 |       ||     1
  Use: Scroll            |       |     3 ||     3
       Potion            |       |     1 ||     1
  Eat: Chunk             |     2 |     2 ||     4
Armor: Skin              |    19 |     7 ||    26
Dodge: Dodged            |    47 |    13 ||    60

Table legend:
 A = Non-vault XP
 B = Vault XP
 C = Vault XP percentage of total XP
 D = Non-vault monster count
 E = Vault monster count
 F = Vault count percentage of total count
                 A         B        C        D         E       F
            +---------+---------+-------+---------+---------+-------
      Total |      91 |      38 |  29.5 |      31 |      13 |  29.5
            +---------+---------+-------+---------+---------+-------
        D:1 |      54 |       0 |   0.0 |      16 |       0 |   0.0
        D:2 |      37 |      38 |  50.7 |      15 |      13 |  46.4
            +---------+---------+-------+---------+---------+-------
